 Dungeon Crawl Stone Soup version 0.18-a0-1639-g7533f42 (webtiles) character file.

144 Espgualade the Skirmisher (level 5, -1/34 HPs)
             Began as a Tengu Ice Elementalist on Mar 27, 2016.
             Hit by a tomahawk of returning thrown by an orc (3 damage)
             ... on level 4 of the Dungeon.
             The game lasted 00:04:55 (3554 turns).

Espgualade the Skirmisher (Tengu Ice Elementalist)  Turns: 3554, Time: 00:04:56

Health: -1/34      AC:  2    Str:  7 (8)  XL:     5   Next: 26%
Magic:  9/9        EV: 12    Int: 15 (17) God:
Gold:   188        SH:  0    Dex: 13 (14) Spells: 3 memorised, 2 levels left

rFire  . . .     SeeInvis .     g - +0 dagger
rCold  . . .     Gourm    .     a - +0 robe
rNeg   . . .     Faith    .     (no shield)
rPois  .         Spirit   .     (helmet restricted)
rElec  .         Dismiss  .     (no cloak)
rCorr  .         Reflect  .     (no gloves)
SustAt .         Harm     .     (boots unavailable)
MR     .....                    (no amulet)
Stlth  ++........               (no ring)
                                (no ring)

@: not resistant to hostile enchantments, unstealthy
A: beak, talons 3, able to fly 1
a: Fly


You were on level 4 of the Dungeon.
You were not hungry.

You visited 1 branch of the dungeon, and saw 4 of its levels.

You collected 188 gold pieces.

Inventory:

Hand Weapons
 g - a +0 dagger (weapon)
 u - a +0 dagger
Armour
 a - a +0 robe (worn)
Jewellery
 m - an uncursed ring of teleportation
 o - an uncursed ring of fire {unknown}
 v - an uncursed amulet of rage {unknown}
 w - a cursed ring of sustain attributes {unknown}
Scrolls
 f - 6 scrolls of identify
 i - 7 scrolls of remove curse
 j - a scroll of recharging {unknown}
 l - a scroll of noise {unknown}
 n - a scroll of teleportation {unknown}
 p - a scroll of enchant armour {unknown}
 s - 2 scrolls of blinking {unknown}
 t - 2 scrolls of immolation {unknown}
Potions
 d - 2 potions of might
 h - a potion of ambrosia {unknown}
 k - a potion of cure mutation
 r - a potion of mutation {unknown}
Books
 b - a book of Frost

   Spells                             Type                      Level
   a - Freeze                         Ice                          1
   b - Throw Frost                    Conjuration/Ice              2
   c - Ozocubu's Armour               Charms/Ice                   3
   d - Throw Icicle                   Conjuration/Ice              4
   e - Summon Ice Beast               Ice/Summoning                4
Comestibles
 c - a bread ration
 q - 2 beef jerkies


   Skills:
 + Level 4.7 Fighting
 - Level 2.1 Dodging
 - Level 2.0 Stealth
 - Level 2.0 Spellcasting
 - Level 1.3 Conjurations
 - Level 2.6 Ice Magic


You had 2 spell levels left.
You knew the following spells:

 Your Spells              Type           Power        Failure   Level  Hunger
a - Freeze                Ice            #...         10%         1    #......
b - Throw Frost           Conj/Ice       #.....       14%         2    ###....
c - Ozocubu's Armour      Chrm/Ice       #.......     43%         3    ###....


Dungeon Overview and Level Annotations

Branches:
Dungeon (4/15)
 Temple: D:4-7

Altars:
Ashenzari


Innate Abilities, Weirdness & Mutations

You have a beak for a mouth.
You have claws for feet.
You can fly.


Message History

The weapon returns to the orc!
Something hits you but does no damage.
You completely miss something. Your kick misses something.
Your peck misses something.
The orc throws a tomahawk of returning.
The tomahawk of returning hits you.
* * * LOW HITPOINT WARNING * * *
Something hits you but does no damage.
An orc comes into view. It is wielding a hand axe.
Drink which item? (? for menu, Esc to quit)
It was a potion of cure mutation.
It has a very clean taste.
The orc throws a tomahawk of returning.
The tomahawk of returning barely misses you.
The weapon returns to the orc!
You hear some strange, mumbled words.
Something tries to affect you, but you resist.
Drink which item? (? for menu, Esc to quit)
It was a potion of degeneration.
There was something very wrong with that liquid.
You feel weakened.
You feel dopey.
You feel clumsy.
The orc throws a tomahawk of returning.
The tomahawk of returning hits you.
You die...

# #### #. #.$ #.#
#.# # # ..#
###.#.##### ##.
#.## ###..........
#.#
#.#####..........##
#.#
#..@{oZ.....#.##.#
#<##
##.#####...###.#
###.###o.# ###)# .
#.....o..# #.# ..
#.######## #o# ##
#. #.# # .# .# .#


You could see 3 orcs and a hound skeleton.

Vanquished Creatures
  A centaur skeleton (D:4)
  A worker ant (D:3)
  3 adders
  A worm (D:2)
  A dart slug (D:3)
  2 giant geckos (D:1)
  3 orcs
  A ball python (D:1)
  2 giant cockroaches
  6 goblins
  8 hobgoblins
  4 jackals (D:2)
  2 quokkas
  6 bats
  6 giant newts
  6 kobolds
  3 rats
56 creatures vanquished.

Vanquished Creatures (others)
  A giant gecko (D:4)
  An orc (D:4)
  A giant newt (D:4)
3 creatures vanquished.

Grand Total: 59 creatures vanquished

Notes
Turn   | Place    | Note
--------------------------------------------------------------
     0 | D:1      | Espgualade the Tengu Ice Elementalist began the quest for the Orb.
     0 | D:1      | Reached XP level 1. HP: 10/10 MP: 4/4
   101 | D:1      | Reached skill level 1 in Fighting
   326 | D:1      | Reached XP level 2. HP: 8/16 MP: 1/6
   554 | D:1      | Reached skill level 2 in Fighting
   774 | D:1      | Reached XP level 3. HP: 9/22 MP: 5/7
  1293 | D:1      | Learned a level 2 spell: Throw Frost
  1297 | D:1      | Learned a level 3 spell: Ozocubu's Armour
  1686 | D:2      | Reached skill level 3 in Fighting
  1797 | D:2      | Reached XP level 4. HP: 15/28 MP: 1/8
  1933 | D:2      | Found a faded altar to an unknown god.
  2296 | D:3      | HP: 1/29 [goblin (4)]
  2818 | D:3      | Found a shattered altar of Ashenzari.
  2846 | D:3      | Reached skill level 4 in Fighting
  3494 | D:4      | Gained mutation: You can fly. [Tengu growth]
  3494 | D:4      | Reached XP level 5. HP: 3/34 MP: 9/9
  3554 | D:4      | Hit by a tomahawk of returning thrown by an orc

Vault maps used:
D:1:      roderic_crop_circles_arrival_small
D:2:      ecumenical_altar_1
D:3:      dk_noncrumbling_4, ashenzari_altar_1
D:4:      xom_confusion_cloud, first_bread, uniq_sigmund, uniq_natasha

Skill      XL: |  1  2  3  4 |
---------------+-------------+-----
Fighting       | 1 2 3 4 |  4.7
Dodging        | |  2.1
Stealth        | |  2.0
Spellcasting   | |  2.0
Conjurations   | |  1.3
Ice Magic      | |  2.6

Action                   |  1- 3 |  4- 6 || total
-------------------------+-------+-------++-------
Melee: Dagger            |    57 |    37 ||    94
       Unarmed           |     2 |       ||     2
 Cast: Freeze            |    31 |    28 ||    59
       Throw Frost       |     1 |       ||     1
  Use: Scroll            |     3 |       ||     3
       Potion            |       |     3 ||     3
 Stab: Sleeping          |     3 |     3 ||     6
       Distracted        |     1 |       ||     1
  Eat: Chunk             |     2 |     7 ||     9
